 Dungeon Crawl Stone Soup version 0.16.0 (webtiles) character file.

1890 Minkie the Cudgeler (level 9, -11/47 HPs)
             Began as a Vine Stalker Skald on Mar 20, 2015.
             Was a Follower of Okawaru.
             Mangled by an orc warrior
             ... wielding a +0 bardiche
              (14 damage)
             ... in a bailey.
             The game lasted 00:28:31 (5214 turns).

Minkie the Cudgeler (Vine Stalker Skald)            Turns: 5214, Time: 00:28:31

Health: -11/47     AC: 11    Str: 16    XL:     9   Next: 15%
Magic:  0/18       EV: 11    Int: 18    God:    Okawaru [*.....]
Gold:   373        SH:  0    Dex: 13    Spells: 1 memorised, 11 levels left

rFire  . . .     SeeInvis .     E - +1 morningstar
rCold  . . .     Clarity  .     G - +0 scale mail
rNeg   . . .     SustAb   .     (no shield)
rPois  +         Gourm    .     (no helmet)
rElec  .         Spirit   +     g - +1 cloak
rCorr  .         Warding  .     k - +0 pair of gloves
rMut   .         Stasis   .     i - +0 pair of boots
MR     +....                    x - amulet of Thri Docw {Spirit Int+3 Slay+3}
Stlth  ..........               (no ring)
                                u - ring of poison resistance

@: somewhat resistant to hostile enchantments, extremely unstealthy
A: fangs 3, regeneration 2, magic shield, antimagic bite, no device heal 3, rot
immunity
a: Heroism, Renounce Religion


You were in a bailey.
You worshipped Okawaru.
Okawaru was aware of your devotion.
You were hungry.

You visited 1 branch of the dungeon, and saw 7 of its levels.
You also visited: Bailey.

You collected 373 gold pieces.

Inventory:

Hand weapons
 l - a +0 arbalest
 E - a +1 morningstar (weapon)
Missiles
 n - 49 bolts
 s - 4 tomahawks (quivered)
Armour
 g - a +1 cloak (worn)
 i - a +0 pair of boots (worn)
 k - a +0 pair of gloves (worn)
 G - a +0 scale mail (worn)
Magical staves
 f - an uncursed staff of energy
Jewellery
 b - an uncursed ring of fire
 u - a ring of poison resistance (left hand)
 x - the amulet of Thri Docw (around neck) {Spirit Int+3 Slay+3}
   (You found it on level 4 of the Dungeon)

   [amulet of guardian spirit]

   It causes incoming damage to be split between your health and magic.
   It affects your intelligence (+3).
   It affects your accuracy and damage with ranged weapons and melee attacks
   (+3).
 H - the ring "Pnyessu" {+/*Tele rPois rN+ Str+2 Dex-2}
   (You found it on level 6 of the Dungeon)

   [ring of teleportation]

   It causes random teleportation, and can be evoked to teleport at will.
   It affects your strength (+2).
   It affects your dexterity (-2).
   It protects you from poison.
   It protects you from negative energy.
Magical devices
 v - a wand of slowing (15)
 B - a wand of fireball (5)
 D - a wand of cold (10)
 K - a wand of hasting (5)
Scrolls
 a - 2 scrolls of identify
 e - a scroll of recharging
 m - a scroll of remove curse
 q - 4 scrolls of teleportation
 r - a scroll of enchant weapon
 A - 3 scrolls of enchant armour {unknown}
 C - a scroll of fear {unknown}
Potions
 j - a potion of invisibility {unknown}
 o - 4 potions of brilliance
 p - 4 potions of curing
 w - a potion of restore abilities
 z - a potion of might
 F - a potion of agility
Books
 c - a book of Battle

   Spells                             Type                      Level
   a - Infusion                       Charms                       1
   b - Shroud of Golubria             Charms/Translocation         2
   c - Song of Slaying                Charms                       2
   d - Spectral Weapon                Hexes/Charms                 3
   e - Regeneration                   Charms/Necromancy            3
 I - a book of Burglary

   Spells                             Type                      Level
   a - Swiftness                      Charms/Air                   2
   b - Passwall                       Transmutation/Earth          3
   c - Passage of Golubria            Translocation                4
   d - Lee's Rapid Deconstruction     Earth                        5
   e - Invisibility                   Hexes                        6
   f - Darkness                       Hexes                        7
 J - a book of Air

   Spells                             Type                      Level
   a - Shock                          Conjuration/Air              1
   b - Swiftness                      Charms/Air                   2
   c - Repel Missiles                 Charms/Air                   2
   d - Flight                         Charms/Air                   3
   e - Static Discharge               Conjuration/Air              3
   f - Lightning Bolt                 Conjuration/Air              5
Comestibles
 d - 7 bread rations
 h - 3 meat rations
 t - a fruit
 L - 4 chunks of flesh


   Skills:
 + Level 5.0 Fighting
 * Level 6.8 Maces & Flails
 + Level 4.1 Armour
 + Level 4.4 Dodging
 - Level 2.1 Spellcasting
 - Level 3.0 Charms


You had 11 spell levels left.
You knew the following spells:

 Your Spells              Type           Power        Failure   Level  Hunger
a - Infusion              Chrm           ##....       17%         1    #......


Dungeon Overview and Level Annotations

Branches:
Dungeon (7/15)             Temple (0/1) D:7

Altars:
Cheibriados
Gozag
Okawaru
Ru
Sif Muna
Trog


Innate Abilities, Weirdness & Mutations

You have razor-sharp teeth.
You heal very quickly.
When hurt, damage is shared between your health and your magic reserves.
Your bite disrupts and absorbs the magic of your enemies.
Potions and wands cannot restore your health.
You are immune to rotting.


Message History

The orc warrior hits you from afar with a bardiche!
Wield which item (- for none, * to show all)? (? for menu, Esc to quit)
E - a +1 morningstar (weapon)
The orc warrior hits you with a bardiche!
You hit the orc warrior but do no damage.
The orc warrior hits you with a bardiche!
* * * LOW HITPOINT WARNING * * *
You closely miss the orc warrior. You bite the orc warrior.
You drain its power.
You feel invigorated.
The orc warrior is lightly wounded.
The orc warrior hits you with a bardiche!
* * * LOW HITPOINT WARNING * * *
You hit the orc warrior.
You bite the orc warrior, but do no damage.
The orc warrior is moderately wounded.
You hit the orc warrior but do no damage.
You bite the orc warrior, but do no damage.
The orc warrior is moderately wounded.
The orc warrior hits you with a bardiche!
You die...

#......≈## ≈
#......≈..^ ≈...
#......≈##.##≈....
#......≈≈#.#≈≈....#
#.......≈≈≈≈≈...((#
#...............(.
#..............)
#............o#
#...........@.#
#..........)..#
#........(....#
#.............#
#.............##
#..............#
#..............##
#...............##
#.....).≈≈≈≈≈....####


You could see an orc warrior.

Vanquished Creatures
  An ice beast (D:5)
  A phantom (D:4)
  2 orc warriors
  An ogre (D:5)
  Blork the orc (D:4)
  4 giant frogs
  2 scorpions
  A wyvern skeleton (D:6)
  4 crimson imps
  A giant frog zombie (D:5)
  2 goliath beetles (D:6)
  Crazy Yiuf (D:5)
  4 orc priests
  3 hounds
  An orc wizard (D:6)
  6 worker ants
  Natasha (thrice) (D:3)
  Ijyb (D:4)
  A hound skeleton (D:4)
  A shadow imp (D:5)
  3 giant mites
  4 adders
  3 worms
  An adder zombie (D:6)
  4 giant geckos
  An ooze (D:3)
  26 orcs
  A bat skeleton (D:4)
  21 goblins
  13 hobgoblins
  10 jackals
  A quokka (D:6)
  2 ball pythons
  11 bats
  5 giant cockroaches
  A giant cockroach zombie (D:5)
  A giant gecko zombie (D:6)
  13 giant newts
  A giant spore (D:7)
  14 kobolds
  6 rats
  6 ballistomycetes (D:7)
189 creatures vanquished.

Notes
Turn   | Place    | Note
--------------------------------------------------------------
     0 | D:1      | Minkie, the Vine Stalker Skald, began the quest for the Orb.
     0 | D:1      | Reached XP level 1. HP: 11/11 MP: 3/3
   146 | D:1      | Reached skill level 1 in Armour
   231 | D:1      | Reached skill level 1 in Dodging
   235 | D:1      | Reached XP level 2. HP: 12/15 MP: 3/5
   560 | D:1      | Reached XP level 3. HP: 18/18 MP: 7/7
  1187 | D:2      | Reached XP level 4. HP: 23/23 MP: 8/8
  1423 | D:3      | Noticed Natasha
  1428 | D:3      | Killed Natasha
  1456 | D:3      | Noticed Natasha
  1461 | D:3      | Killed Natasha
  1461 | D:3      | Reached XP level 5. HP: 22/27 MP: 9/11
  1470 | D:3      | Noticed Natasha
  1481 | D:3      | Killed Natasha
  2052 | D:4      | Gained mutation: You heal very quickly. [vine stalker growth]
  2052 | D:4      | Reached XP level 6. HP: 26/32 MP: 12/12
  2088 | D:4      | Noticed Ijyb
  2111 | D:4      | Killed Ijyb
  2125 | D:4      | Got a sparkling ruby amulet
  2133 | D:4      | Identified the amulet of Thri Docw {Spirit Int+3 Slay+3} (You found it on level 4 of the Dungeon)
  2266 | D:4      | Found a sacrificial altar of Ru.
  2268 | D:4      | Found a bloodstained altar of Trog.
  2312 | D:4      | Found a snail-covered altar of Cheibriados.
  2360 | D:4      | Noticed Blork the orc
  2380 | D:4      | Killed Blork the orc
  2380 | D:4      | Reached skill level 4 in Maces & Flails
  2477 | D:4      | Reached XP level 7. HP: 36/36 MP: 14/14
  2845 | D:4      | Noticed a phantom
  2855 | D:4      | Killed a phantom
  2881 | D:4      | Found a deep blue altar of Sif Muna.
  2935 | D:5      | Entered Level 5 of the Dungeon
  3267 | D:5      | Reached skill level 5 in Maces & Flails
  3368 | D:5      | Noticed Crazy Yiuf
  3374 | D:5      | Killed Crazy Yiuf
  3382 | D:5      | Found an opulent altar of Gozag.
  3423 | D:5      | Gained mutation: You have razor-sharp teeth. [vine stalker growth]
  3423 | D:5      | Reached XP level 8. HP: 32/42 MP: 11/16
  4054 | D:6      | Found an iron altar of Okawaru.
  4062 | D:6      | Became a worshipper of Warmaster Okawaru
  4203 | D:6      | Got a twitching tin ring
  4208 | D:6      | Got a topaz-encrusted leather armour
  4219 | D:6      | Identified the cursed -7 leather armour "Plyhiybly" {rN+ MR- rCorr Str-4 Int+4} (You found it on level 6 of the Dungeon)
  4231 | D:6      | Identified the ring "Pnyessu" {+/*Tele rPois rN+ Str+2 Dex-2} (You found it on level 6 of the Dungeon)
  4534 | D:6      | Reached skill level 6 in Maces & Flails
  4779 | D:7      | Acquired Okawaru's first power
  4779 | D:7      | Reached XP level 9. HP: 46/46 MP: 18/18
  4816 | D:7      | Found a staircase to the Ecumenical Temple.
  4857 | D:7      | Reached skill level 5 in Fighting
  4904 | D:7      | Found a flagged portal.
  4921 | Bailey   | Entered a bailey
  4992 | Bailey   | HP: 2/47 [orc warrior/bolt (5)]
  5212 | Bailey   | HP: 2/47 [orc warrior/bardiche (12)]
  5214 | Bailey   | Mangled by an orc warrior

Action                   |  1- 3 |  4- 6 |  7- 9 || total
-------------------------+-------+-------+-------++-------
Melee: Mace              |   118 |   148 |       ||   266
       Flail             |       |    12 |   133 ||   145
       Morningstar       |       |       |    79 ||    79
 Fire: Arbalest          |       |       |    15 ||    15
Throw: Tomahawk          |       |       |     2 ||     2
  Use: Scroll            |       |     5 |    12 ||    17
  Eat: Chunk             |     1 |     4 |     9 ||    14
